 Dungeon Crawl Stone Soup version 0.28.0-61-g67df4f89a8 (webtiles) character file.

Game seed: 7765473313213674578

49 AarnesTheHuman the Skirmisher (level 3, -1/33 HPs)
             Began as a Hill Orc Fighter on Feb 14, 2023.
             Slain by Robin
             ... wielding a +0 spear
              (5 damage)
             ... on level 2 of the Dungeon.
             The game lasted 00:01:15 (1309 turns).

AarnesTheHuman the Skirmisher (Hill Orc Fighter)    Turns: 1309, Time: 00:01:16

Health: -1/33      AC:  6    Str: 20    XL:     3   Next: 75%
Magic:  3/3        EV:  9    Int:  8    God:
Gold:   19         SH:  4    Dex: 10    Spells: 2/2 levels left

rFire   . . .      SeeInvis .   a - +0 war axe
rCold   . . .      Faith    .   c - +0 buckler
rNeg    . . .      Spirit   .   b - +0 scale mail
rPois   .          Reflect  .   (no helmet)
rElec   .          Harm     .   (no cloak)
rCorr   .          Rampage  .   (no gloves)
Will    .....                   (no boots)
Stlth   ..........              (no amulet)
HPRegen 0.11/turn               (no ring)
MPRegen 0.08/turn               (no ring)

@: no status effects
A: no striking features
a: no special abilities


You were on level 2 of the Dungeon.
You visited 1 branch of the dungeon, and saw 2 of its levels.

You collected 19 gold pieces.

Inventory:

Hand Weapons
 a - a +0 war axe (weapon)
Missiles
 e - 59 stones (quivered)
 i - 6 javelins
Armour
 b - a +0 scale mail (worn)
 c - a +0 buckler (worn)
Jewellery
 k - an amulet of the acrobat
Scrolls
 g - 2 scrolls of immolation {unknown}
 h - a scroll of torment {unknown}
 j - 2 scrolls of fog {unknown}
Potions
 d - a potion of might
 f - a potion of flight {unknown}


   Skills:
 + Level 4.1 Fighting
 * Level 4.0 Axes
 + Level 3.6 Armour
 + Level 3.7 Shields


You had 2 spell levels left.
You didn't know any spells.
Your spell library contained the following spells:

 Spells                   Type           Power      Damage    Failure   Level
 Animate Skeleton         Necr           0%         N/A       85%         1
 Pain                     Necr           0%         1d4       85%         1
 Summon Small Mammal      Summ           0%         N/A       85%         1
 Call Canine Familiar     Summ           0%         N/A       99%         3
 Summon Guardian Golem    Hex/Summ       0%         N/A       99%         3
 Vampiric Draining        Necr           0%         2d6       99%         3


Dungeon Overview and Level Annotations

Branches:
Dungeon (2/15)

Altars:

Annotations:
D:2 Robin


Message History

The bat hits you but does no damage.
You barely miss the bat. The bat barely misses you. The bat closely misses you.
The bat hits you but does no damage. Robin throws the goblin at you!
You block the goblin's attack.
You closely miss the bat. You closely miss the goblin. The bat hits you.
The bat hits you but does no damage. You block the goblin's attack.
Robin closely misses you.
You barely miss the goblin. You hit the bat.
You kill the bat!
The goblin hits you with a +0 club.
Robin roars a battlecry!
The goblins go into a battle-frenzy!
You slash the goblin!
You kill the goblin!
Robin barely misses you. The hobgoblin hits you.
* * * LOW HITPOINT WARNING * * *
You hit the hobgoblin.
You kill the hobgoblin!
Robin barely misses you.
Your Axes skill increases to level 4!
Robin hits you but does no damage.
You see here a hobgoblin corpse.
You hit Robin.
Robin is lightly wounded.
Robin hits you with a +0 spear.
* * * LOW HITPOINT WARNING * * *
You block Robin's attack.
You barely miss Robin.
Robin is lightly wounded.
Robin hits you with a +0 spear.
* * * LOW HITPOINT WARNING * * *
You hit Robin.
Robin is moderately wounded.
Robin hits you but does no damage.
You closely miss Robin.
Robin is moderately wounded.
Robin hits you with a +0 spear.
* * * LOW HITPOINT WARNING * * *
Robin hits you with a +0 spear.
You die...

...##........#...#
##..... ..
.........#.≈.####
#..... #.≈.#..#
#..... #.≈g##.##
#..... #..†##..#
#..... #...###.####
#..... ##'##.#....#
#..... #..g#..#...##
#.....
#.#@##......###.....
#.###.#.......#####.#
#. #)##........###..
.# ##.#.............
#. .##............ .#
#.#...#####.... #.
.##### ##... .. #...
#.# ###...


You could see Robin.

Vanquished Creatures
  A worm (D:2)
  A dart slug (D:1)
  5 bats
  2 endoplasms
  11 goblins
  8 hobgoblins
  4 kobolds (D:1)
  2 quokkas (D:1)
  2 ball pythons
  2 frilled lizards
  A rat (D:1)
39 creatures vanquished.

Notes
Turn   | Place    | Note
-------+----------+-------------------------------------------
     0 | D:1      | AarnesTheHuman the Hill Orc Fighter began the quest for the
                  | Orb.
     0 | D:1      | Reached XP level 1. HP: 19/19 MP: 1/1
   156 | D:1      | Reached XP level 2. HP: 19/27 MP: 2/2
   845 | D:1      | Reached XP level 3. HP: 33/33 MP: 3/3
   873 | D:1      | Found a faded altar of an unknown god.
  1260 | D:2      | Noticed Robin
  1309 | D:2      | Slain by Robin

Illustrated notes

Levels and vault maps discovered:
D:1:      minmay_arrival_wavy_path, layout_loops_ring,
          hellmonk_ecumenical_altar_inner_sanctum
D:2:      layout_rooms, chequers_serial_rivers_micro_c, grunt_decor_clamped,
          item_on_display_a, uniq_terence, uniq_robin, uniq_sigmund

Skill      XL: |  1  2  3 |
---------------+----------+-----
Axes           | 3 4 |  4.0
Fighting       | 4 |  4.1
Armour         | |  3.6
Shields        | |  3.7

Action                   || total
-------------------------++-------
Melee: War axe           ||   113
Armor: Scale mail        ||    75
Dodge: Dodged            ||    54
Block: Buckler           ||    45
